 Dungeon Crawl Stone Soup version 0.28.0-47-ge53b351184 (webtiles) character file.

Game seed: 6042438228420303011

102 Exodus22XD the Chopper (level 4, -3/41 HPs)
             Began as a Hill Orc Monk on May 7, 2022.
             Slain by an iron imp (7 damage)
             ... summoned by Natasha
             ... on level 2 of the Dungeon.
             The game lasted 00:01:16 (2081 turns).

Exodus22XD the Chopper (Hill Orc Monk)              Turns: 2081, Time: 00:01:17

Health: -3/41      AC:  6    Str: 15    XL:     4   Next: 78%
Magic:  4/4        EV: 11    Int: 10    God:
Gold:   39         SH:  0    Dex: 13    Spells: 3/3 levels left

rFire   . . .      SeeInvis .   a - +0 hand axe
rCold   . . .      Faith    .   (no shield)
rNeg    . . .      Spirit   .   k - +0 ring mail
rPois   .          Reflect  .   (no helmet)
rElec   .          Harm     .   (no cloak)
rCorr   .          Rampage  .   (no gloves)
Will    .....                   l - +0 pair of boots
Stlth   +.........              (no amulet)
HPRegen 0.13/turn               (no ring)
MPRegen 0.09/turn               (no ring)

@: no status effects
A: no striking features
a: no special abilities


You were on level 2 of the Dungeon.
You visited 1 branch of the dungeon, and saw 2 of its levels.

You collected 39 gold pieces.

Inventory:

Hand Weapons
 a - a +0 hand axe (weapon)
Armour
 k - a +0 ring mail (worn)
 l - a +0 pair of boots (worn)
Scrolls
 b - a scroll of amnesia {unknown}
 c - a scroll of teleportation {unknown}
 d - a scroll of fog {unknown}
 e - a scroll of fear {unknown}
 f - a scroll of torment {unknown}
 g - 2 scrolls of blinking {unknown}
 i - 2 scrolls of noise {unknown}
 m - a scroll of silence {unknown}
Potions
 h - a potion of curing {unknown}
 j - a potion of haste {unknown}


   Skills:
 + Level 4.4 Fighting
 + Level 5.6 Axes
 * Level 2.3 Armour
 - Level 2.4 Dodging
 - Level 1.5 Stealth


You had 3 spell levels left.
You didn't know any spells.
Your spell library was empty.

Dungeon Overview and Level Annotations

Branches:
Dungeon (2/15)

Altars:
Trog

Annotations:
D:2 Natasha


Message History

Natasha casts a spell.
There are monsters nearby!
There are monsters nearby!
There are monsters nearby!
You hit Natasha.
Natasha is lightly wounded.
Natasha misses you.
There are monsters nearby!
You hit Natasha.
Natasha is moderately wounded.
Natasha barely misses you.
You barely miss Natasha.
Natasha is moderately wounded.
You barely miss the iron imp.
Natasha zaps a wand.
The puff of flame hits you! The iron imp hits you.
You hit Natasha.
Natasha is moderately wounded.
You completely miss the iron imp.
Natasha stares at you and mumbles some strange words.
You resist with some effort.
You hit Natasha but do no damage.
Natasha is moderately wounded.
You barely miss the iron imp. The iron imp misses you. Natasha claws you.
You closely miss Natasha.
Natasha is moderately wounded.
You hit the iron imp but do no damage. The iron imp hits you!
Natasha claws you.
* * * LOW HITPOINT WARNING * * *
You hit Natasha.
Natasha is severely wounded.
You hit the iron imp but do no damage. The iron imp hits you!
* * * LOW HITPOINT WARNING * * *
Natasha claws you but does no damage.
You barely miss Natasha.
Natasha is severely wounded.
You closely miss the iron imp.
Natasha mumbles some strange words.
The iron imp shouts, "Escape, thou weedy wibble-sucking deadneck!"
The iron imp hits you!
You die...

♣..♣ #...# #...#.....# #.
####''#####.#####.......#.# #.
..##.....##...........###.# #.
..........#..........## #.######.
......................###........
...#.#.....#...............#####.
...........#.......[...###..####.
...#.#..........h5....## ##....#.
...........#...5@...<.# ####...
...........#.........## #.....
..........##..........######.##.#
..##......##.................##..
#####.#.#..............#.#.#.##.#
#..........................).
#.#.#..)...........#.#.#..#..
##.........................#..
###...####..........#.#.#.#.##..


You could see an iron imp (summoned), Natasha and a shadow imp (summoned).

Vanquished Creatures
  Natasha (twice) (D:2)
  An adder (D:2)
  A worm (D:2)
  2 dart slugs
  5 ball pythons (D:2)
  2 endoplasms (D:2)
  2 giant cockroaches (D:1)
  2 goblins (D:1)
  5 hobgoblins
  4 quokkas
  5 bats
  A frilled lizard (D:1)
  A kobold (D:2)
  3 rats
36 creatures vanquished.

Notes
Turn   | Place    | Note
-------+----------+-------------------------------------------
     0 | D:1      | Exodus22XD the Hill Orc Monk began the quest for the Orb.
     0 | D:1      | Reached XP level 1. HP: 19/19 MP: 1/1
   348 | D:1      | Reached XP level 2. HP: 25/27 MP: 2/2
   451 | D:1      | Reached skill level 1 in Armour
  1138 | D:2      | Reached XP level 3. HP: 33/33 MP: 3/3
  1435 | D:2      | Reached skill level 5 in Axes
  1683 | D:2      | Noticed Natasha
  1695 | D:2      | Killed Natasha
  1696 | D:2      | Reached XP level 4. HP: 32/41 MP: 4/4
  1821 | D:2      | Found a bloodstained altar of Trog.
  1907 | D:2      | Noticed Natasha
  1918 | D:2      | Killed Natasha
  2070 | D:2      | Noticed Natasha
  2081 | D:2      | Slain by an iron imp

Illustrated notes

Levels and vault maps discovered:
D:1:      lightli_arrival_isolated_outpost, layout_loops_ring, minmay_distorted
D:2:      layout_rooms, serial_glass, glass_columns_b, glass_columns_a,
          glass_columns_a, glass_columns_a, glass_columns_a, glass_columns_a,
          glass_columns_a, glass_columns_a, basic_altar,
          kennysheep_generic_room_12, uniq_natasha

Skill      XL: |  1  2  3 |
---------------+----------+-----
Armour         | 1 2 |  2.3
Fighting       | 4 |  4.4
Axes           | 5 |  5.6
Dodging        | |  2.4
Stealth        | |  1.5

Action                   |  1- 3 |  4- 6 || total
-------------------------+-------+-------++-------
Melee: Hand axe          |   123 |    19 ||   142
       Punch             |     1 |     1 ||     2
Armor: Robe              |    16 |       ||    16
       Ring mail         |    29 |     6 ||    35
Dodge: Dodged            |    80 |    13 ||    93
